 Dungeon Crawl Stone Soup version bcrawl-1.19.1 (webtiles) character file.

Game seed: 9725324804185375297

2043 Niddhogr the Tainter (level 9, -2/57 HPs)
             Began as a Demonspawn Venom Mage on Dec 2, 2019.
             Was an Initiate of Gozag.
             Slain by an adder (4 damage)
             ... on level 6 of the Dungeon.
             The game lasted 00:23:12 (6101 turns).

Niddhogr the Tainter (Demonspawn Venom Mage)        Turns: 6101, Time: 00:23:13

Health: -2/57      AC: 11    Str: 10    XL:     9   Next: 4%
Magic:  18/18      EV: 12    Int: 19    God:    Gozag
Gold:   193        SH:  0    Dex: 13    Spells: 5/20 levels left

rFire    + + +     SeeInvis .   z - +4 flail (protect)
rCold    + . .     Gourm    .   (no shield)
rNeg     . . .     Faith    .   G - +0 robe of Vlad {rF++}
rPois    +         Spirit   .   E - +0 helmet
rElec    .         Reflect  .   p - scarf {repulsion}
rCorr    .         Harm     .   o - +0 pair of gloves
MR       .....                  F - +0 pair of boots of Itwuocza {+Inv rC+}
Stlth    ++........             (no amulet)
HPRegen  0.19/turn              P - ring of poison resistance
MPRegen  0.16/turn              W - ring of wizardry {Wiz+}

@: lethally poisoned (-2 -> -5), sanguine armour, repel missiles
A: talons 2, demonic guardian 1, fire resistance 1, sanguine armour 1
a: Potion Petition, Call Merchant, Bribe Branch, Renounce Religion, Evoke
Invisibility


You were on level 6 of the Dungeon.
You worshipped Gozag.
Gozag was aware of your devotion.
You were near starving.

You visited 2 branches of the dungeon, and saw 7 of its levels.

You collected 556 gold pieces.
You spent 285 gold pieces at shops.
You paid 78 gold pieces to Gozag.

Inventory:

Hand Weapons
 t - a +0 hand axe of chopping
 u - a +2 dagger of draining
 w - a +0 trident
 x - a +2 dagger of venom
 z - a +4 flail of protection (weapon)
Missiles
 q - 150 tomahawks (quivered)
 y - 409 poisoned needles
 H - 64 exploding tomahawks
 Q - 413 arrows
Armour
 a - a +0 robe
 o - a +0 pair of gloves (worn)
 p - a scarf of repulsion (worn)
 E - a +0 helmet (worn)
 F - the +0 pair of boots of Itwuocza (worn) {+Inv rC+}
   (You found it on level 4 of the Dungeon)

   It protects you from cold.
   It lets you turn invisible.
 G - the +0 robe of Vlad (worn) {rF++}
   (You found it on level 6 of the Dungeon)

   It greatly protects you from fire.
Jewellery
 A - an uncursed ring of ice {rC+, rF-}
 P - a ring of poison resistance (left hand)
 W - a ring of wizardry (right hand) {Wiz+}
Wands
 B - a wand of flame (19)
 D - a wand of paralysis (13)
Scrolls
 b - 2 scrolls of enchant weapon
 f - 3 scrolls of fog
 j - 8 scrolls of remove curse
 k - 2 scrolls of teleportation {unknown}
 n - 3 scrolls of immolation {!r}
 r - 3 scrolls of magic mapping {!r}
 v - 2 scrolls of noise {!r}
Potions
 c - 4 potions of berserk rage {!q}
 d - 2 potions of degeneration {!q}
 e - 2 potions of ambrosia {unknown}
 g - 4 potions of curing
 h - 2 potions of might {unknown}
 i - a potion of magic {unknown}
 l - a potion of invisibility {unknown}
 s - 2 potions of lignification {unknown}
 C - a potion of flight {unknown}
Comestibles
 m - 7 rations {!d}


   Skills:
 + Level 5.2 Polearms
 - Level 1.7 Dodging
 - Level 2.0 Stealth
 - Level 6.0 Spellcasting
 - Level 1.0 Conjurations
 * Level 2.6 Earth Magic
 - Level 8.1 Poison Magic


You had 5 spell levels left.
You knew the following spells:

 Your Spells              Type           Power        Failure   Level  Hunger
a - Sting                 Conj/Pois      ###.         1%          1    None
b - Poisonous Vapours     Pois/Air       ###...       1%          2    None
c - Olgreb's Toxic Radia  Pois           #####...     1%          4    ####...
d - Confuse               Hex            #.......     13%         3    ##.....
w - Passwall              Tmut/Erth      ##......     4%          2    None
x - Stone Arrow           Conj/Erth      ##....       6%          3    ##.....

Your spell library contained the following spells:

 Spells                   Type           Power        Failure   Level  Hunger
 Sandblast                Erth           ###...       1%          1    None
 Apportation              Tloc           #.....       4%          1    None
 Infusion                 Chrm           #.......     4%          1    None
 Slow                     Hex            #.......     4%          1    None
 Summon Butterflies       Summ           #.......     4%          1    None
 Ignite Poison            Fire/Tmut/Pois ###.....     4%          3    ##.....
 Summon Scorpions         Summ/Pois      ###.....     9%          4    ####...
 Dazzling Spray           Conj/Hex       #.....       11%         3    ##.....
 Venom Bolt               Conj/Pois      ###.......   19%         5    #####..
 Petrify                  Tmut/Erth      ##......     26%         4    ####...
 Yara's Violent Unravell  Hex/Tmut       #.........   38%         4    ####...
 Lee's Rapid Deconstruct  Erth           ###.......   38%         5    #####..
 Metabolic Englaciation   Hex/Ice        #.........   73%         5    #####..
 Mana Rupture             Conj/Hex       #.........   100%        7    #######


Dungeon Overview and Level Annotations

Branches:
Dungeon (6/12)             Temple (1/1) D:5

Altars:
Ashenzari
Cheibriados
Dithmenos
Elyvilon
Fedhas
Gozag
Hepliaklqana
Kikubaaqudgha
Lugonu
Makhleb
Nemelex Xobeh
Okawaru
Qazlal
Ru
Sif Muna
Trog
Uskayaw
Vehumet
Wu Jian
Xom
Yredelemnul
Zin
The Shining One

Shops:
D:5 *


Innate Abilities, Weirdness & Mutations

You have razor-sharp toenails.
A weak demonic guardian rushes to your aid.
Your flesh is heat resistant. (rF+)
When seriously injured, your bleeding wounds create armour. (AC +6)


Message History

The adder bites you but does no damage.
You take 2 damage, and have 4/57 hp.
You feel sick.
You are no longer poisoned.
The adder closely misses you. The adder bites you but does no damage.
You take 1 damage, and have 3/57 hp.
The adder closely misses you. x2; The adder bites you but does no damage.
The adder bites you but does no damage. The adder barely misses you.
The adder closely misses you. The adder bites you but does no damage.
The adder misses you. The adder misses you.
The adder bites you but does no damage. x2
The adder barely misses you. The adder bites you.
* * * LOW HITPOINT WARNING * * *
You are lethally poisoned!
The adder poisons you!
You take 1 damage, and have 3/57 hp.
* * * LOW HITPOINT WARNING * * *
You feel sick. The adder bites you but does no damage. The adder bites you.
You die...
Your body crumbles into a pile of gold.

#....# #..#.#
##....############## ##.#.#
#................... #...#
#.....#####....####.####[.#
###+#....[............#..).>#
#......######....######.#####
#......# #....# #.#
#......######..?.# #.#
#......#....@##### #.###
###'#.##(..SS##########(..#
#.#..+..................#
#######?####.....##########...#
........#..<...^.# #....#
....#####.#.####.# #....# ....#
# #. #.# #...## ....# # #.#
#...# ##.## $#.# #...#


You could see 2 adders.

Levels and vault maps discovered:
D:1:      eino_arrival_water_star, layout_basic
D:2:      layout_loops_ring
D:3:      layout_rooms, first_ration, nicolae_ru_awakened_eye
D:4:      layout_loops_ring, kennysheep_mini, nemelex_xobeh_ov_fountains_minmay,
          kennysheep_small_square, uniq_pikel
D:5:      layout_loops_ring, minmay_temple_entry_wispy, serial_shops, shop,
          minmay_misc_feat_chi, serial_park_tiny_pond, sigmund_edmund_badplayer
D:6:      layout_basic
Temple:   kilobyte_greek_temple

Notes
Turn   | Place    | Note
-------+----------+-------------------------------------------
     0 | D:1      | Niddhogr the Demonspawn Venom Mage began the quest for the
                  | Orb.
     0 | D:1      | Reached XP level 1. HP: 13/13 MP: 3/3
     9 | D:1      | Identified a +0 short sword (You found it on level 1 of the
                  | Dungeon)
    43 | D:1      | Identified a +0 club
   149 | D:1      | Gained mutation: You have sharp toenails. [demonic
                  | ancestry]
   149 | D:1      | Reached XP level 2. HP: 19/19 MP: 3/5
   172 | D:1      | Identified a +0 dagger
   357 | D:1      | Reached skill level 4 in Poison Magic
   361 | D:1      | Learned a level 2 spell: Poisonous Vapours
   671 | D:1      | Identified a +0 whip
   674 | D:1      | Gained mutation: Your flesh is heat resistant. (rF+)
                  | [demonic ancestry]
   674 | D:1      | Reached XP level 3. HP: 24/24 MP: 3/6
   721 | D:1      | Identified a +0 dagger
   745 | D:1      | Identified a +0 pair of gloves (You found it on level 1 of
                  | the Dungeon)
   839 | D:2      | Identified a +0 club
  1183 | D:2      | Identified a scarf of repulsion (You found it on level 2 of
                  | the Dungeon)
  1202 | D:2      | Identified a +0 club
  1354 | D:2      | Gained mutation: You have razor-sharp toenails. [demonic
                  | ancestry]
  1354 | D:2      | Reached XP level 4. HP: 30/30 MP: 7/7
  1363 | D:2      | Identified a cursed -2 club
  1388 | D:2      | Reached skill level 5 in Poison Magic
  1404 | D:2      | Identified a +0 hand axe
  1404 | D:2      | Identified a +0 ring mail
  1404 | D:2      | Identified a +0 dagger
  1404 | D:2      | Identified a +0 robe
  1404 | D:2      | Identified a +0 hand axe of chopping
  1404 | D:2      | Identified a +0 ring mail
  1407 | D:2      | Identified a +0 club
  1407 | D:2      | Identified a +0 leather armour
  1483 | D:2      | Identified 6 scrolls of remove curse
  1672 | D:2      | Identified a +0 club
  1765 | D:2      | Identified a +2 dagger of draining
  1977 | D:2      | Identified a +0 club
  2180 | D:3      | Identified a +0 dagger
  2180 | D:3      | Identified a +0 robe
  2187 | D:3      | Reached XP level 5. HP: 28/35 MP: 3/8
  2187 | D:3      | Identified a +0 dagger
  2189 | D:3      | Identified a +0 mace
  2189 | D:3      | Identified a cursed +0 leather armour
  2193 | D:3      | Identified a +0 flail
  2304 | D:2      | Reached skill level 6 in Poison Magic
  2523 | D:3      | Identified 3 scrolls of identify
  2523 | D:3      | Identified 4 potions of curing
  2524 | D:3      | Identified 3 scrolls of magic mapping
  2557 | D:3      | Identified a +0 club
  2557 | D:3      | Identified a cursed +0 ring mail
  2636 | D:3      | Identified a +0 club
  2642 | D:3      | Identified 2 scrolls of enchant weapon
  2677 | D:3      | Learned a level 4 spell: Olgreb's Toxic Radiance
  2783 | D:3      | Identified a +2 dagger of venom
  2802 | D:3      | Identified a +0 whip
  3009 | D:3      | Found a sacrificial altar of Ru.
  3011 | D:3      | Identified a +0 dagger
  3206 | D:4      | Identified a cursed +0 trident (You found it on level 4 of
                  | the Dungeon)
  3213 | D:4      | Identified 3 scrolls of immolation
  3237 | D:4      | Identified a +0 falchion
  3237 | D:4      | Identified a +0 ring mail
  3238 | D:4      | Identified a +0 short sword
  3238 | D:4      | Identified a +0 leather armour
  3239 | D:4      | Identified a +2 dagger of venom
  3239 | D:4      | Identified a +0 hand axe of chopping
  3239 | D:4      | Identified a +0 leather armour
  3241 | D:4      | Identified a +0 dagger
  3241 | D:4      | Identified a +0 scale mail
  3242 | D:4      | Reached XP level 6. HP: 28/41 MP: 0/9
  3326 | D:4      | Identified a +0 giant club
  3347 | D:4      | Reached skill level 1 in Polearms
  3347 | D:4      | Reached skill level 7 in Poison Magic
  3447 | D:4      | Found a sparkling altar of Nemelex Xobeh.
  3463 | D:4      | Identified a ring of ice (You found it on level 4 of the
                  | Dungeon)
  3464 | D:4      | Identified a ring of wizardry (You found it on level 4 of
                  | the Dungeon)
  3559 | D:4      | Identified a cursed -3 giant spiked club
  3571 | D:4      | Reached skill level 2 in Polearms
  3575 | D:4      | Gained mutation: A weak demonic guardian rushes to your
                  | aid. [demonic ancestry]
  3575 | D:4      | Reached XP level 7. HP: 44/46 MP: 6/10
  3683 | D:4      | Identified a +0 morningstar
  3683 | D:4      | Identified a +0 ring mail
  3765 | D:4      | Identified a cursed -1 giant spiked club
  3770 | D:4      | Reached skill level 8 in Poison Magic
  3800 | D:4      | Found a blossoming altar of Fedhas.
  3835 | D:4      | Identified 2 scrolls of noise
  3905 | D:4      | Got a pair of distressingly furry boots
  3911 | D:4      | Identified the +0 pair of boots of Itwuocza {+Inv rC+} (You
                  | found it on level 4 of the Dungeon)
  3979 | D:4      | Identified a +0 animal skin
  3979 | D:4      | Identified a cursed +0 animal skin
  3979 | D:4      | Identified a +0 animal skin
  3980 | D:4      | Identified a +0 whip of flaming
  3980 | D:4      | Identified a +0 robe
  3980 | D:4      | Noticed Pikel
  3990 | D:4      | Killed Pikel
  3990 | D:4      | Reached skill level 3 in Polearms
  3990 | D:4      | Reached skill level 4 in Spellcasting
  3990 | D:4      | Reached XP level 8. HP: 52/52 MP: 1/14
  3991 | D:4      | Identified a +0 animal skin
  4210 | D:4      | Identified a +0 dagger
  4210 | D:4      | Identified a +0 robe
  4211 | D:4      | Identified a +0 whip
  4321 | D:5      | Entered Level 5 of the Dungeon
  4361 | D:5      | Found a staircase to the Ecumenical Temple.
  4375 | Temple   | Entered the Ecumenical Temple
  4475 | Temple   | Became a worshipper of Gozag Ym Sagoz the Greedy
  4654 | D:5      | Identified a +4 flail of protection
  4654 | D:5      | Identified a +0 leather armour
  4654 | D:5      | Noticed Edmund
  4673 | D:5      | Killed Edmund
  4673 | D:5      | Reached skill level 4 in Polearms
  4817 | D:5      | Identified a +0 scythe
  4817 | D:5      | Identified a +0 robe
  4817 | D:5      | Noticed Sigmund
  4822 | D:5      | Killed Sigmund
  4822 | D:5      | Reached skill level 5 in Spellcasting
  5070 | D:5      | Identified a +0 helmet (You found it on level 5 of the
                  | Dungeon)
  5073 | D:5      | Identified 3 scrolls of fog
  5180 | D:5      | Found Ahorch's Assorted Antiques.
  5253 | D:5      | Bought a thick papyrus book for 285 gold pieces
  5257 | D:5      | Learned a level 3 spell: Stone Arrow
  5622 | D:6      | Reached skill level 6 in Spellcasting
  5633 | D:6      | Got a creamy pearl robe
  5644 | D:6      | Identified the +0 robe of Vlad {rF++} (You found it on
                  | level 6 of the Dungeon)
  5645 | D:6      | Identified a +0 blowgun
  5654 | D:6      | Reached skill level 1 in Earth Magic
  5706 | D:6      | Learned a level 2 spell: Passwall
  5710 | D:6      | Learned a level 3 spell: Confuse
  5717 | D:6      | Reached skill level 5 in Polearms
  5730 | D:6      | Reached skill level 2 in Earth Magic
  5851 | D:6      | Identified a ring of poison resistance (You found it on
                  | level 6 of the Dungeon)
  5901 | D:6      | Gained mutation: When seriously injured, your bleeding
                  | wounds create armour. (AC +6) [demonic ancestry]
  5901 | D:6      | Reached XP level 9. HP: 44/57 MP: 18/18
  6078 | D:6      | HP: 13/57 [adder (2)]
  6083 | D:6      | HP: 9/57 [poisoned by an adder]
  6090 | D:6      | HP: 6/57 [adder (2)]
  6095 | D:6      | HP: 3/57 [poisoned by an adder]
  6100 | D:6      | HP: 3/57 [adder (1)]
  6101 | D:6      | Slain by an adder

Table legend:
 A = Turns spent in this place as a percentage of turns spent in the entire game.
 B = Non-inter-level travel turns spent in this place as a percentage of non-inter-level travel turns spent in the entire game.
 C = Inter-level travel turns spent in this place as a percentage of turns spent in this place.
 D = Turns resting spent in this place as a percentage of non-inter-level travel turns spent in this place.
 E = Turns spent auto-exploring this place as a percentage of non-inter-level travel turns spent in this place.
 F = Non-inter-level travel turns spent in this place divided by the number of levels of this place that you've seen.
                   A       B       C       D       E      F
               +-------+-------+-------+-------+-------+----------------------
         Total | 100.0 | 100.0 |   1.6 |   2.9 |  72.2 | 857.9
       Dungeon |  96.8 |  97.3 |   1.1 |   3.0 |  71.7 | 973.8
        Temple |   3.2 |   2.7 |  16.1 |   0.0 |  89.5 | 162.0
               +-------+-------+-------+-------+-------+----------------------

Table legend:
 A = Kills in this place as a percentage of kills in entire the game.
 B = Kills by you in this place as a percentage of kills by you in the entire game.
 C = Kills by friends in this place as a percentage of kills by friends in the entire game.
 D = Other kills in this place as a percentage of other kills in the entire game.
 E = Experience gained in this place as a percentage of experience gained in the entire game.
 F = Experience gained in this place divided by the number of levels of this place that you have seen.
                   A       B       C       D       E      F
               +-------+-------+-------+-------+-------+----------------------
         Total | 100.0 | 100.0 | 100.0 |   N/A | 100.0 | 417.0
       Dungeon | 100.0 | 100.0 | 100.0 |   N/A | 100.0 | 486.5
               +-------+-------+-------+-------+-------+----------------------

Skill      XL: |  1  2  3  4  5  6  7  8 |
---------------+-------------------------+-----
Poison Magic   | 4 5 6 7 8 |  8.1
Polearms       | 2 3 5 |  5.2
Spellcasting   | 4 6 |  6.0
Earth Magic    | 2 |  2.6
Dodging        | |  1.7
Stealth        | |  2.0
Conjurations   | |  1.0

Action                   |  1- 3 |  4- 6 |  7- 9 || total
-------------------------+-------+-------+-------++-------
Melee: Short sword       |    28 |       |       ||    28
       Kick              |    12 |    34 |     6 ||    52
       Whip              |    59 |    28 |       ||    87
       Dagger            |       |   140 |   137 ||   277
       Hand axe          |       |    13 |       ||    13
       Flail             |       |       |    19 ||    19
Throw: Tomahawk          |       |     5 |       ||     5
 Cast: Sting             |    43 |     9 |    17 ||    69
       Poisonous Vapours |     1 |    19 |    15 ||    35
       Olgreb's Toxic Ra |       |     3 |     5 ||     8
Evoke: Wand              |       |     2 |     1 ||     3
  Use: Scroll            |       |     6 |     2 ||     8
 Stab: Sleeping          |     3 |     3 |     1 ||     7
  Eat: Chunk             |     2 |    10 |     4 ||    16
       Ration            |       |       |     1 ||     1
Armor: Robe              |    22 |    36 |    92 ||   150
Dodge: Dodged            |    83 |    96 |   167 ||   346
       Deflected         |       |       |     1 ||     1

Vanquished Creatures
  Sigmund (D:5)
  A shadow (D:6)
  Edmund (D:5)
  A sky beast (D:5)
  2 slaves (D:4)
  3 ogres (D:4)
  A big kobold (D:6)
  3 howler monkeys
  2 crimson imps
  2 bullfrog skeletons
  2 hounds
  An orc priest (D:4)
  3 orc wizards
  An iguana (D:6)
  5 worker ants
  A hound skeleton (D:4)
  A howler monkey zombie (D:5)
  A worker ant zombie (D:5)
  A gnoll (D:4)
  8 adders
  A shadow imp (D:3)
  An ooze (D:1)
  3 adder zombies
  2 worms
  2 dart slugs
  4 leopard geckos
  14 orcs
  6 giant cockroaches
  6 hobgoblins
  16 jackals
  15 kobolds
  3 quokkas
  A ball python (D:1)
  3 bats
  6 frilled lizards
  11 goblins
  A leopard gecko skeleton (D:5)
  5 rats
141 creatures vanquished.

Vanquished Creatures (collateral kills)
  Pikel (D:4)
  A crocodile (D:6)
  A slave (D:4)
  A worm (D:6)
4 creatures vanquished.

Vanquished Creatures (others)
  A slave (D:4)
1 creature vanquished.

Grand Total: 146 creatures vanquished
